 Dungeon Crawl Stone Soup version 0.31.0-11-ge490571c62 (webtiles) character file.

Game seed: 10570108465307596692

53 qw the Shooter (level 3, 0/20 HPs)
             Began as a Deep Elf Hunter on Feb 4, 2024.
             Incinerated by a bombardier beetle (4 damage)
             ... with a burning spray
             ... on level 2 of the Dungeon.
             The game lasted 00:00:05 (1789 turns).

qw the Shooter (Deep Elf Hunter)                    Turns: 1789, Time: 00:00:05

Health: 0/20       AC:  6    Str: 10    XL:     3   Next: 64%
Magic:  5/5        EV: 11    Int: 13    God:
Gold:   179        SH:  0    Dex: 18    Spells: 2/2 levels left

rFire   . . .        c - +0 longbow (flame)
rCold   . . .        (shield currently unavailable)
rNeg    . . .        j - +0 ring mail
rPois   .            h - +0 helmet
rElec   .            (no cloak)
rCorr   .            (no gloves)
SInv    .            (no boots)
Will    .....        (no amulet)
Stlth   +            (no ring)
HPRegen 0.23/turn    (no ring)
MPRegen 0.09/turn

%: no passive effects
@: on fire, glowing
A: no striking features
a: no special abilities


You were on level 2 of the Dungeon.
You visited 1 branch of the dungeon, and saw 3 of its levels.

You collected 179 gold pieces.


   Skills:
 - Level 1.5 Fighting
 + Level 7.1 Ranged Weapons
 - Level 2.4 Dodging
 - Level 1.2 Stealth


You had 2 spell levels left.
You didn't know any spells.
Your spell library was empty.

Inventory:

Hand Weapons
 c - a +0 longbow of flaming (weapon)
Armour
 h - a +0 helmet (worn)
 j - a +0 ring mail (worn)
Wands
 i - a wand of mindburst (11)
Potions
 e - a potion of invisibility {unknown}
 f - a potion of ambrosia {unknown}
 k - a potion of might
 l - a potion of enlightenment

Dungeon Overview and Level Annotations

Branches:
Dungeon (3/15)

Altars:


Message History

You swap places.
You are starting to lose your buoyancy.
You float gracefully downwards.
You feel a little less mighty now.
Your enlightenment fades.
Your goblin dissolves into shadows!
There is a stone staircase leading down here.
You climb downwards.
Found 6 boomerangs.
Found an escape hatch in the floor.
Found a stone staircase leading up.
There is a stone staircase leading up here.
There are monsters nearby!
Waypoint 2 assigned to D:3.
You shoot an arrow.
The arrow hits the bombardier beetle but does no damage.
The ball python hisses angrily.
The rat squeaks loudly.
The frilled lizard hisses angrily.
A dart slug comes into view.
You shoot an arrow.
The arrow closely misses the bombardier beetle.
The rat squeaks loudly.
A kobold comes into view. It is wielding a +0 whip.
The bombardier beetle sprays incendiary fluid at you.
The burning spray hits you.
You are covered in liquid fire!
1786 ||| STAIRDANCE The liquid fire burns you!
The frilled lizard barely misses you. The rat closely misses you.
You shake off some of the fire as you move.
You climb upwards.
The liquid fire burns you!
There is a stone staircase leading down here.
You shoot an arrow. The arrow hits the frilled lizard.
The arrow burns the frilled lizard.
You kill the frilled lizard!
The liquid fire burns you! The rat bites you but does no damage.
You shoot an arrow. The arrow hits the rat!
The arrow burns the rat.
You kill the rat!
The liquid fire burns you!
You die...

...# ###.#####.###...###.#
...######
#.....l.............#
...##...#
#.#.#########....)###
#####...# #.#.# ##.....##
####...#####.#.# #.......
##.........##.#.## #.....##
.................# ##...###
##.........##..#%##### ##.##
#####....####..%@....#######.#
# #....# #................# #
#....# ####.####.######## #
##.#.# #.# #.# ########
######.#.# #:# ##.####....|..
....[..#.# #.###...#.....####
##.#.#.#.#######.##..#.......#
..###...............###..>...#
...#...#.##########..#.......#


There were no monsters in sight!

Vanquished Creatures
  Robin (D:2)
  An adder (D:2)
  A dart slug (D:2)
  2 ribbon worms (D:2)
  4 ball pythons
  An endoplasm (D:2)
  3 goblins (D:2)
  9 hobgoblins
  A frilled lizard (D:2)
  5 rats
28 creatures vanquished.

Notes
Turn   | Place    | Note
-------+----------+-------------------------------------------
     0 | D:1      | qw the Deep Elf Hunter began the quest for the Orb.
     0 | D:1      | Reached XP level 1. HP: 12/12 MP: 3/3
     0 | D:1      | 0 ||| qw: Version: 0.3-a-160-g6735b56
     0 | D:1      | 0 ||| qw: Game counter: 4327
     0 | D:1      | 0 ||| qw: Melee chars always use a shield: true
     0 | D:1      | 0 ||| qw: God list: Okawaru
     0 | D:1      | 0 ||| qw: Allow faded altars: false
     0 | D:1      | 0 ||| qw: Do Orc after clearing Dungeon:15 true
     0 | D:1      | 0 ||| qw: Do second Lair branch before Depths: true
     0 | D:1      | 0 ||| qw: Lair rune preference: random
     0 | D:1      | 0 ||| qw: Goals: Normal
     0 | D:1      | 0 ||| PLANNING D:1-11
   431 | D:1      | Found a faded altar of an unknown god.
   993 | D:1      | 993 ||| UPGRADING to +0 scale mail.
  1003 | D:1      | 1003 ||| DROPPING +0 leather armour.
  1004 | D:1      | 1004 ||| UPGRADING to +0 ring mail.
  1014 | D:1      | 1014 ||| DROPPING +0 scale mail.
  1015 | D:1      | 1015 ||| READING scroll labelled LUYJYL XILI.
  1015 | D:1      | 1015 ||| ENCHANTING +0 shortbow.
  1016 | D:1      | 1016 ||| READING scroll labelled NYACAE IKOURYLL.
  1017 | D:1      | 1017 ||| READING scroll labelled LUIDEA HE SEOT.
  1021 | D:1      | 1021 ||| READING scroll labelled SIOKUFFODEDD.
  1021 | D:1      | Identified a scroll of acquirement
  1021 | D:1      | 1021 ||| ACQUIRING +0 longbow of flaming
  1021 | D:1      | Acquired a +0 longbow of flaming
  1023 | D:1      | 1023 ||| SWAPPING to +0 longbow of flaming.
  1024 | D:1      | 1024 ||| DROPPING +1 shortbow.
  1025 | D:1      | 1025 ||| DROPPING scroll of butterflies.
  1055 | D:2      | Reached skill level 6 in Ranged Weapons
  1055 | D:2      | Reached XP level 2. HP: 16/16 MP: 4/4
  1109 | D:2      | Identified the +1 long sword "Xofumyaf" {venom, Will++
                  | Str-5 Int+5}
  1333 | D:2      | Noticed Robin
  1334 | D:2      | 1334 ||| RETREEEEATING.
  1336 | D:2      | Reached XP level 3. HP: 20/20 MP: 5/5
  1338 | D:2      | Killed Robin
  1341 | D:2      | Reached skill level 7 in Ranged Weapons
  1351 | D:2      | 1351 ||| FLEEEEING.
  1352 | D:2      | 1352 ||| FLEEEEING.
  1353 | D:2      | 1353 ||| FLEEEEING.
  1354 | D:2      | 1354 ||| FLEEEEING.
  1355 | D:2      | 1355 ||| FLEEEEING.
  1356 | D:2      | 1356 ||| FLEEEEING.
  1358 | D:2      | 1358 ||| FLEEEEING.
  1359 | D:2      | 1359 ||| FLEEEEING.
  1360 | D:2      | 1360 ||| FLEEEEING.
  1697 | D:2      | 1697 ||| UPGRADING to +0 helmet.
  1702 | D:2      | 1702 ||| READING scroll labelled XYHECAORAH.
  1739 | D:2      | 1739 ||| READING scroll labelled WEFEACS CUETIETUR.
  1740 | D:2      | 1740 ||| READING scroll labelled DEFAAK IDAT.
  1740 | D:2      | 1740 ||| IDENTIFYING lumpy brown potion
  1741 | D:2      | 1741 ||| DRINKING 2 bubbling white potions.
  1742 | D:2      | 1742 ||| DRINKING 2 lumpy coppery potions.
  1743 | D:2      | 1743 ||| DROPPING potion of degeneration.
  1786 | D:3      | 1786 ||| STAIRDANCE
  1788 | D:2      | HP: 4/20 [burnt (7)]
  1789 | D:2      | Incinerated by a bombardier beetle

Levels and vault maps discovered:
D:1:      arrival_zaba_pyramid, layout_loops_corners,
          hellmonk_ecumenical_altar_heavens_door, dk_noncrumbling_4
D:2:      layout_loops_ring, uniq_robin
D:3:      layout_rooms, nicolae_overflow_hidden_temple,
          mainiacjoe_overflow_alcove_4

Skill      XL: |  1  2  3 |
---------------+----------+-----
Ranged Weapons | 6 7 |  7.1
Fighting       | |  1.5
Dodging        | |  2.4
Stealth        | |  1.2

Action                     || total
---------------------------++-------
   Fire: Shortbow          ||    11
         Longbow           ||    43
    Use: Scroll            ||     7
         Potion            ||     2
 Armour: Leather armour    ||     2
         Ring mail         ||    12
  Dodge: Dodged            ||     7

Table legend:
 A = Non-vault XP
 B = Vault XP
 C = Vault XP percentage of total XP
 D = Non-vault monster count
 E = Vault monster count
 F = Vault count percentage of total count
                 A         B        C        D         E       F
            +---------+---------+-------+---------+---------+-------
      Total |      46 |      32 |  41.0 |      19 |       9 |  32.1
            +---------+---------+-------+---------+---------+-------
        D:1 |       7 |       0 |   0.0 |       5 |       0 |   0.0
        D:2 |      39 |      32 |  45.1 |      14 |       9 |  39.1
            +---------+---------+-------+---------+---------+-------
